 Dungeon Crawl Stone Soup version 0.16-a0-3722-g5e7e3b6 (webtiles) character file.

25 Ololoev the Grave Robber (level 2, 0/19 HPs)
             Began as a Vampire Necromancer on Jan 21, 2015.
             Slain by a goblin
             ... wielding a +0 dagger
              (3 damage)
             ... on level 2 of the Dungeon.
             The game lasted 00:03:49 (1565 turns).

Ololoev the Grave Robber (Vampire Necromancer)      Turns: 1565, Time: 00:03:49

Health: 0/19       AC:  2    Str:  7    XL:     2   Next: 82%
Magic:  2/5        EV: 12    Int: 17    God:
Gold:   54         SH:  0    Dex: 14    Spells: 2 memorised, 3 levels left

rFire  . . .     SeeInvis +     f - -1 short sword (curse)
rCold  + . .     Clarity  .     a - +0 robe
rNeg   + + .     SustAb   .     (no shield)
rPois  +         Gourm    .     (no helmet)
rElec  .         Spirit   .     (no cloak)
rCorr  .         Warding  .     (no gloves)
rMut   .         Stasis   .     (no boots)
MR     .....                    (no amulet)
Stlth  ++........               (no ring)
                                (no ring)

@: regenerating slowly, not resistant to hostile enchantments, unstealthy
A: bottle blood, fangs 3, see invisible, unbreathing
a: no special abilities


You were on level 2 of the Dungeon.
You were very thirsty.

You visited 1 branch of the dungeon, and saw 2 of its levels.

You collected 54 gold pieces.

Notes
Turn   | Place    | Note
--------------------------------------------------------------
     0 | D:1      | Ololoev, the Vampire Necromancer, began the quest for the Orb.
     0 | D:1      | Reached XP level 1. HP: 13/13 MP: 3/3
     2 | D:1      | Learned a level 1 spell: Animate Skeleton
   608 | D:1      | Reached XP level 2. HP: 10/19 MP: 2/4
  1479 | D:2      | Found a deep blue altar of Sif Muna.
  1564 | D:2      | Reached skill level 1 in Short Blades
  1565 | D:2      | Slain by a goblin

Inventory:

Hand weapons
 f - a cursed -1 short sword (weapon)
Armour
 a - a +0 robe (worn)
Scrolls
 d - 2 scrolls of magic mapping {unknown}
 e - a scroll of identify {unknown}
 j - a scroll of random uselessness {unknown}
Potions
 c - 6 potions of blood
 g - 2 potions of ambrosia {unknown}
 h - 2 potions of curing {unknown}
 i - a potion of mutation {unknown}
Books
 b - a book of Necromancy

   Spells                             Type                      Level
   a - Pain                           Necromancy                   1
   b - Animate Skeleton               Necromancy                   1
   c - Vampiric Draining              Necromancy                   3
   d - Regeneration                   Charms/Necromancy            3
   e - Animate Dead                   Necromancy                   4
   f - Control Undead                 Necromancy                   4

Table legend:
 A = Turns spent in this place as a percentage of turns spent in the entire game.
 B = Non-inter-level travel turns spent in this place as a percentage of non-inter-level travel turns spent in the entire game.
 C = Inter-level travel turns spent in this place as a percentage of turns spent in this place.
 D = Turns resting spent in this place as a percentage of non-inter-level travel turns spent in this place.
 E = Turns spent auto-exploring this place as a percentage of non-inter-level travel turns spent in this place.
 F = Non-inter-level travel turns spent in this place divided by the number of levels of this place that you've seen.
                   A       B       C       D       E      F
               +-------+-------+-------+-------+-------+----------------------
         Total | 100.0 | 100.0 |   0.5 |   6.6 |  11.2 | 188.0
       Dungeon | 100.0 | 100.0 |   0.5 |   6.6 |  11.2 | 188.0
               +-------+-------+-------+-------+-------+----------------------


   Skills:
 + Level 1.0 Short Blades
 - Level 2.1 Dodging
 - Level 3.0 Stealth
 - Level 2.3 Spellcasting
 + Level 4.9 Necromancy


You had 3 spell levels left.
You knew the following spells:

 Your Spells              Type           Power        Failure   Level  Hunger
a - Pain                  Necr           ###.         2%          1    #......
b - Animate Skeleton      Necr           N/A          2%          1    #......


Dungeon Overview and Level Annotations

Branches:
Dungeon (2/15)

Altars:
Sif Muna


Innate Abilities, Weirdness & Mutations

You heal slowly.
You can bottle blood from corpses.
You have razor-sharp teeth.
You have supernaturally acute eyesight.
You can survive without breathing.


Message History

The quokka convulses in agony!
You kill the quokka!
You see here a quokka corpse.
You bottle the quokka corpse's blood.
c - 6 potions of blood (gained 1)
You now have 54 gold pieces (gained 13).
Magic restored.
You open the door.
A goblin comes into view. It is wielding a club.
A goblin comes into view. It is wielding a dagger.
Found 11 gold pieces.
Found a stone staircase leading down.
There is an open door here.
The goblin shouts!
You hit the goblin.
The goblin is moderately wounded.
The goblin hits you with a club.
You are too injured to fight recklessly!
You are too injured to fight recklessly!
You are too injured to fight recklessly!
Casting: Pain
Confirm with . or Enter, or press ? or * to list all spells.
Aiming: Pain
Press: ? - help, Shift-Dir - straight line, f - goblin
Aim: a goblin, wielding a club (lightly wounded, chance 90%)
The goblin convulses in agony!
The goblin hits you but does no damage.
Casting: Pain
Confirm with . or Enter, or press ? or * to list all spells.
Aiming: Pain
Press: ? - help, Shift-Dir - straight line, f/p - goblin
Aim: a goblin, wielding a club (almost dead, chance 90%)
The goblin convulses in agony!
You kill the goblin!
Your Short Blades skill increases to level 1!
Casting: Pain
Confirm with . or Enter, or press ? or * to list all spells.
Aiming: Pain
Press: ? - help, Shift-Dir - straight line, f - goblin
Aim: a goblin, wielding a dagger (chance 90%)
The goblin convulses in agony!
The goblin hits you with a dagger.
You die...

.#.#######...#......
..#.##..........##'##
###...##.######........
#......$#.# #........
#.....>.#.# #........
#.......#.# #........
#.......#.# #.....###
#.....g.'.# #........
#.....)@### #########
#.......# #.......#
#########


You could see a goblin.

Table legend:
 A = Kills in this place as a percentage of kills in entire the game.
 B = Kills by you in this place as a percentage of kills by you in the entire game.
 C = Kills by friends in this place as a percentage of kills by friends in the entire game.
 D = Other kills in this place as a percentage of other kills in the entire game.
 E = Experience gained in this place as a percentage of experience gained in the entire game.
 F = Experience gained in this place divided by the number of levels of this place that you have seen.
                   A       B       C       D       E      F
               +-------+-------+-------+-------+-------+----------------------
         Total | 100.0 | 100.0 |  -nan |  -nan | 100.0 |  18.0
       Dungeon | 100.0 | 100.0 |  -nan |  -nan | 100.0 |  18.0
               +-------+-------+-------+-------+-------+----------------------

Vanquished Creatures
  An ooze (D:1)
  6 goblins
  A hobgoblin (D:2)
  4 kobolds (D:1)
  A quokka (D:2)
  2 bats (D:1)
  2 giant cockroaches (D:1)
  2 giant geckos (D:1)
  A giant newt (D:1)
  2 rats (D:1)
22 creatures vanquished.

Vanquished Creatures (others)
  4 toadstools (D:1)
4 creatures vanquished.

Grand Total: 26 creatures vanquished

Action                   || total
-------------------------++-------
Melee: Short sword       ||    60
       Unarmed           ||     6
 Cast: Pain              ||    20
 Stab: Sleeping          ||     2

Vault maps used:
D:1:      ldierk_water_garden
D:2:      lightli_temple_of_fire, lemuel_doored_altar, lemuel_crystal_altar
